 Dungeon Sprint DCSS version 0.21.1-1-g345015f (webtiles) character file.

0 Psiloshibe the Slasher (level 2, -1/26 HPs)
             Began as a Barachi Berserker on June 22, 2018.
             Was a Believer of Trog.
             Slain by Terence
             ... wielding a +0 flail
              (10 damage)
             ... in the Dungeon (Sprint VI: "Thunderdome").
             The game lasted 00:00:35 (37 turns).

Psiloshibe the Slasher (Barachi Berserker)            Turns: 37, Time: 00:00:35

Health: -1/26      AC:  2    Str: 18    XL:     2   Next: 37%
Magic:  2/2        EV: 12    Int:  7    God:    Trog [**....]
Gold:   200        SH:  0    Dex: 11    Spells: 1/1 levels left

rFire    . . .     SeeInvis .   a - +0 falchion
rCold    . . .     Gourm    .   (no shield)
rNeg     . . .     Faith    .   b - +0 animal skin
rPois    .         Spirit   .   (no helmet)
rElec    .         Reflect  .   (no cloak)
rCorr    .         Harm     .   (no gloves)
MR       ++...     NoTele   +   (no boots)
Stlth    +.........             (no amulet)
HPRegen  1.08/turn              (no ring)
MPRegen  0.08/turn              (no ring)

@: lethally poisoned (-1 -> -1), berserk cooldown, regenerating, slowed, very
slow
A: +LOS, swims, slowness 1, strong legs 1
a: Hop, Berserk, Trog's Hand, Burn Spellbooks, Renounce Religion


You were in the Dungeon.
You worshipped Trog.
Trog was pleased with you.
You were not hungry.

You visited 1 branch You collected 200 gold pieces.

Inventory:

Hand Weapons
 a - a +0 falchion (weapon)
Armour
 b - a +0 animal skin (worn)
Wands
 k - a wand of acid (5)
 l - a wand of iceblast (5)
Scrolls
 i - 4 scrolls of blinking
 m - 3 scrolls of fog
Potions
 d - a potion of curing
 e - 2 potions of heal wounds
 f - 4 potions of haste
 g - 2 potions of magic
 h - a potion of berserk rage
 j - a potion of resistance
Comestibles
 c - a ration


   Skills:
 + Level 4.7 Fighting
 + Level 4.8 Long Blades
 * Level 1.7 Throwing
 + Level 2.9 Armour
 + Level 2.6 Dodging


You had one spell level left.
You didn't know any spells.

Dungeon Overview and Level Annotations

Branches:
Dungeon (1/1)

Altars:
Dithmenos
Fedhas
Gozag
Kikubaaqudgha
Makhleb
Sif Muna
Vehumet
Xom
Yredelemnul
Zin
The Shining One
Lugonu

Shops:
D *[%?

Annotations:
D Terence


Innate Abilities, Weirdness & Mutations

Shadows flee at your approach. (+LOS)
You can swim through water.
You cover ground slowly.
You can hop short distances.


Message History

The adder poisons you! Terence closely misses you.
You riposte.
You hit Terence.
Terence is lightly wounded.
You feel much better.
You feel sick. The adder misses you. The adder bites you.
You are more poisoned.
The adder poisons you! Terence hits you with a flail.
Unknown command.
You feel very sick. The adder barely misses you. Terence hits you with a flail!
You feel sick. The adder bites you but does no damage. The adder misses you.
You riposte.
You hit the adder.
The adder is lightly wounded.
The adder barely misses you.
Unknown command.
You feel sick. The adder misses you. Terence barely misses you.
You hit Terence but do no damage.
Terence is lightly wounded.
You feel the effects of Trog's Hand fading.
You feel sick. The adder barely misses you. Terence hits you with a flail!
You die...

###.........#
#⌠...........
######.8.........8
##∩___......# ....
###∩........8.# .8..
##.............###...
#⌠..........###...#
#⌠..S@......# #.<.#
#⌠...@......###...#
##.............###....
###∩........8.# .8..
##∩_._......# ....
######.8.........8
#⌠...........
###.........#
#_......._# #_........


You could see Terence and an adder.

Vanquished Creatures
  An adder (D)
  A worm (D)
  A rat (D)
3 creatures vanquished.

Notes
Turn   | Place    | Note
-------+----------+-------------------------------------------
     0 | D        | Psiloshibe the Barachi Berserker began the quest for the Orb.
     0 | D        | Reached XP level 1. HP: 18/18 MP: 1/1
     0 | D        | Found a blossoming altar of Fedhas.
     0 | D        | Found a glowing golden altar of the Shining One.
     3 | D        | Found a basalt altar of Yredelemnul.
     4 | D        | Found a corrupted altar of Lugonu.
     4 | D        | Found a shimmering altar of Xom.
     5 | D        | Found a shadowy altar of Dithmenos.
     5 | D        | Found a radiant altar of Vehumet.
     5 | D        | Round 1.
     6 | D        | Found Kuerr's Identification Station.
     6 | D        | Found an ancient bone altar of Kikubaaqudgha.
     6 | D        | Found Fitiupe's Delicious Food.
     6 | D        | Found a deep blue altar of Sif Muna.
     7 | D        | Found Binwur's Advanced Armour.
     7 | D        | Found Humech's Jewellery.
     7 | D        | Found a burning altar of Makhleb.
     7 | D        | Found a glowing silver altar of Zin.
    15 | D        | Found an opulent altar of Gozag.
    23 | D        | Reached skill level 1 in Throwing
    25 | D        | Noticed Terence
    30 | D        | Reached XP level 2. HP: 6/26 MP: 2/2
    30 | D        | Reached ** piety under Trog
    37 | D        | Slain by Terence

Skill      XL: |  1 |
---------------+----+-----
Fighting       | 4 |  4.7
Long Blades    | 4 |  4.8
Throwing       | 1 |  1.7
Armour         | |  2.9
Dodging        | |  2.6

Action                   || total
-------------------------++-------
Melee: Falchion          ||     9
Invok: Berserk           ||     1
       Trog's Hand       ||     1
  Use: Potion            ||     2
Armor: Animal skin       ||     2
Dodge: Dodged            ||    17
       Rpst.: Falchion   ||     6
